[Event "Betsys MČR v online bleskovém šachu 2021"]
[Site "Chess.com"]
[Date "2021.04.17"]
[Round "4"]
[White "Lipican"]
[Black "martin1804"]
[Result "0-1"]
[WhiteElo "2092"]
[BlackElo "2308"]
[TimeControl "180+1"]
[EndTime "9:37:33 PDT"]
[Termination "Uživatel martin1804 zvítězil po vzdání soupeře"]

1. d4 Nf6 2. c4 d6 3. Nc3 g6 4. Nf3 Bg7 5. e4 O-O 6. Be2 Nc6 7.
d5 Nb4 8. O-O c5 9. a3 Na6 10.
h3 Nc7 11. a4 e6 12. Bf4 e5 13.
Bg5 Na6 14. Qd2 Re8 15. Bh6 Bh8 16. Nh2 Nb4 17. Bg5 Qc7 18. Ng4 Nxg4 19. hxg4 f6 20.
Be3 a6 21. Rac1 Bd7 22. g5 f5 23. exf5 gxf5 24. Bh5 Rf8 25. f4 e4 26. Be2 Rae8 27.
g3 Re7 28. Kg2 Be8 29. Rh1 Bg6 30. Rh2 Rfe8 31. Rch1 Nd3 32. Bh5 Bg7 33. Bxg6 hxg6 34. Qe2 Qb6 35. Rb1 Qb3 36. Qd1 Qxc4 37. Ne2 Qb4 38. b3 b5 39. axb5 axb5 40. Bd2 Qa3 41. Qc2 Ra8 42. Bc3 Qa2 43. Qxa2 Rxa2 44. Bxg7 Rxe2+ 45.
Kg1 Rxh2 46. Kxh2 Kxg7 47. Ra1 e3 48. Kg2 e2 0-1

[Event "Betsys MČR v online bleskovém šachu 2021"]
[Site "Chess.com"]
[Date "2021.04.17"]
[Round "4"]
[White "Pokemonchess"]
[Black "masterofbuzkashi"]
[Result "0-1"]
[WhiteElo "1934"]
[BlackElo "2255"]
[TimeControl "180+1"]
[EndTime "9:37:33 PDT"]
[Termination "Uživatel masterofbuzkashi zvítězil po vzdání soupeře"]

1. e4 c5 2. Nf3 Nc6 3. d4 cxd4 4. Nxd4 Nf6 5. Nc3 g6 6. Bc4 Bg7 7. Bb3 O-O 8. Be3 a6 9. O-O b5 10. f3 Bb7 11. Nxc6 Bxc6 12. Bd4 a5 13. a3 a4 14. Ba2 Qc7 15. Qd2 Rab8 16. Rad1 d6 17. Bf2 b4 18. axb4 Rxb4 19. Rb1 Rfb8 20. Nd1 Nd7 21.
c3 R4b7 22. Ne3 Nb6 23. Rfd1 Bb5 24. Nd5 Nxd5 25. Qxd5 Be8 26. Qd2 Qa5 27. Bd5 Rc7 28. Bd4 e5 29. Be3 Bc6 30. Bxc6 Rxc6 31. Bf2 Bf8 32. Be3 Rbc8 33. Bf2 a3 34. b4 Qa4 35. Rdc1 a2 36. Ra1 Ra8 37. Qb2 Qa3 38. Rc2 Qxb2 39.
Rxb2 Rxc3 40. Be1 Rca3 41. Kf2 f5 42. Ke2 Kf7 43. Kd2 Ke6 44. Kc2 fxe4 45. fxe4 d5 46. exd5+ Kxd5 47. Bc3 Rc8 48. Rb3 Rxb3 49. Kxb3 e4 50.
Rxa2 e3 51. Re2 Ke4 52. Bd2 Kd3 53. Rxe3+ Kxd2 54. Rf3 Rb8 55. Rf4 Ke3 56. Rc4 Rxb4+ 57. Rxb4 Bxb4 58. Kxb4 Kf2 59. Kc3 Kxg2 60. Kd2 Kxh2 61.
Ke2 g5 62. Kf2 g4 63. Kf1 g3 0-1

[Event "Betsys MČR v online bleskovém šachu 2021"]
[Site "Chess.com"]
[Date "2021.04.17"]
[Round "4"]
[White "Mikulas19"]
[Black "FBingoPlayer"]
[Result "0-1"]
[WhiteElo "1876"]
[BlackElo "2189"]
[TimeControl "180+1"]
[EndTime "9:37:33 PDT"]
[Termination "Uživatel FBingoPlayer zvítězil na čas"]

1. e4 e5 2. d4 exd4 3. Qxd4 Nc6 4. Qe3 b6 5. Nc3 Nf6 6. e5 Bc5 7. Qg3 Qe7 8. f4 d6 9. Qxg7 Rg8 10. Qxf6 Qxf6 11.
exf6 Nd4 12. Kd1 Bf5 13. Nd5 Kd7 14. Ne3 Be4 15. c3 Ne6 16. f5 Nf4 17. Nf3 Nxg2 18. Bxg2 Rxg2 19. Nxg2 Bxf3+ 20. Kc2 Rg8 21. Re1 Rxg2+ 22.
Bd2 d5 23. b4 Bd6 24. Rg1 Rxh2 25. Raf1 Bg2 26. Re1 h5 27. Kb3 h4 28. Re2 h3 29. Rf2 c5 30. Bf4 Bxf4 31. Rxf4 Kd6 32. Rg4 a5 33. bxa5 bxa5 34. Rg7 d4 35. Rxf7 Bd5+ 36.
c4 Bxf7 37. Rg7 a4+ 38. Kxa4 Bxc4 39. Ka5 Rxa2+ 40. Kb6 Ra6+ 41. Kb7 Ra1 42. f7 Rb1+ 0-1

[Event "Betsys MČR v online bleskovém šachu 2021"]
[Site "Chess.com"]
[Date "2021.04.17"]
[Round "4"]
[White "RadosC"]
[Black "vasekpaulus"]
[Result "1/2-1/2"]
[WhiteElo "2503"]
[BlackElo "2068"]
[TimeControl "180+1"]
[EndTime "9:37:35 PDT"]
[Termination "Remíza – nedostatek materiálu"]

1. e4 c5 2. Nf3 Nc6 3. Bb5 g6 4. O-O Bg7 5. c3 e5 6. d4 cxd4 7. cxd4 Nxd4 8. Nxd4 exd4 9. Bf4 Ne7 10. Bd6 Qb6 11. Bxe7 Kxe7 12. Bc4 Re8 13. Qf3 Qf6 14. Qa3+ Qd6 15. Qb3 Qb6 16. Bxf7 Qxb3 17. Bxb3 d6 18. Nd2 Be6 19. Rac1 Rac8 20. Rcd1 Bxb3 21. Nxb3 Rc2 22.
Rd2 Rec8 23. Rfd1 Rxd2 24. Rxd2 a5 25. a4 Rc4 26. f3 Rxa4 27. Kf2 b6 28. Ke2 Rb4 29.
Na1 Rxb2 30. Rxb2 d3+ 31. Kxd3 Bxb2 32. Nc2 a4 33. Kc4 a3 34. Kb3 Kd7 35. Nb4 Kc7 36. Nd5+ Kc6 37. g4 Kc5 38. h4 Bg7 39. Kxa3 Kd4 40. h5 gxh5 41. gxh5 Kd3 42. Kb4 Ke2 43.
f4 Kf3 44. f5 Kxe4 45. f6 Bf8 46. Nxb6 Ke5 47. Nd7+ Ke6 48. Nxf8+ Kxf6 49. Nxh7+ Kg7 50. Ng5 Kh6 51. Nf7+ Kxh5 52. Nxd6 1/2-1/2

[Event "Betsys MČR v online bleskovém šachu 2021"]
[Site "Chess.com"]
[Date "2021.04.17"]
[Round "4"]
[White "LiborRojar"]
[Black "sajmon8"]
[Result "1-0"]
[WhiteElo "2063"]
[BlackElo "1591"]
[TimeControl "180+1"]
[EndTime "9:37:35 PDT"]
[Termination "Uživatel LiborRojar zvítězil na čas"]

1. e4 e6 2. d4 d5 3. e5 c5 4. Qg4 Nc6 5. Nf3 cxd4 6. Bd3 Bd7 7. O-O Qb6 8. Nbd2 Rc8 9. Nb3 h5 10. Qg3 Nge7 11. Re1 g6 12. Bd2 Rg8 13. a4 Qc7 14. Nbxd4 Nxd4 15. Nxd4 Nc6 16. c3 Nxd4 17. cxd4 Qb6 18.
Bc3 a5 19. Qf4 Bb4 20. Bxb4 Qxb4 21. Re2 Bxa4 22. h4 Bb3 23. Re3 a4 24. Rf3 Rf8 25. g4 Bc2 26. gxh5 Bxd3 27. Rxd3 gxh5 28.
Rda3 Qxb2 29. Rxa4 Rg8+ 30. Kh2 Qe2 31. Ra8 Qc2 32.
Qf6 Rf8 33. R8a7 Qb3 34. Ra8 Qc4 35. Rxc8+ Qxc8 36. Rb1 Kd7 37. Rg1 Qd8 38. Qg7 Qe7 39. Rg5 1-0

[Event "Betsys MČR v online bleskovém šachu 2021"]
[Site "Chess.com"]
[Date "2021.04.17"]
[Round "4"]
[White "vadoto"]
[Black "CzechMerlin"]
[Result "0-1"]
[WhiteElo "1266"]
[BlackElo "1668"]
[TimeControl "180+1"]
[EndTime "9:37:35 PDT"]
[Termination "Uživatel CzechMerlin zvítězil matem"]

1. e4 e5 2. Nf3 d6 3. c3 f5 4. exf5 Bxf5 5. d4 e4 6. Ng5 d5 7. Bb5+ c6 8. Ba4 Be7 9. Nh3 Bxh3 10. gxh3 Nf6 11. Nd2 Nbd7 12. Qe2 Nb6 13. Bc2 Qd7 14. h4 Qf5 15. Nb3 Ng4 16. Be3 Bxh4 17. O-O-O O-O-O 18. Nc5 Nd7 19. Nxd7 Rxd7 20. Rdg1 Nxf2 21. Bxf2 Bxf2 22. Rf1 Rf7 23. Kb1 g5 24. h3 h5 25.
Rh2 Rhf8 26. Qxh5 Rh7 27. Qe2 Qf3 28. Bd1 Qxe2 29. Bxe2 e3 30. Bg4+ Kc7 31. Kc2 Kd6 32.
Kd3 Rf4 33. Ke2 Rxg4 34. Rhxf2 exf2 35. Rxf2 Re4+ 36. Kd3 Rxh3+ 37. Kd2 g4 38. Rf6+ Kc7 39. Rf7+ Kb6 40. Rf2 g3 41. Rg2 Rh2 42. Rxh2 gxh2 43. Kd3 h1=Q 44. c4 Qf3+ 45. Kc2 Re2+ 46. Kb1 Qf1# 0-1

[Event "Betsys MČR v online bleskovém šachu 2021"]
[Site "Chess.com"]
[Date "2021.04.17"]
[Round "4"]
[White "Mikkes33"]
[Black "Emicka1330"]
[Result "0-1"]
[WhiteElo "1236"]
[BlackElo "1651"]
[TimeControl "180+1"]
[EndTime "9:37:37 PDT"]
[Termination "Uživatel Emicka1330 zvítězil na čas"]

1. e4 d5 2. exd5 Nf6 3. d4 Nxd5 4. Nf3 g6 5. c4 Nb6 6. b3 Bg7 7. Bb2 Nc6 8. Be2 O-O 9. O-O Bg4 10. Nbd2 Qd7 11.
Qc2 Nxd4 12. Nxd4 Bxd4 13. Bxg4 Qxg4 14. h3 Qf4 15. Bxd4 Qxd4 16. Rad1 Rad8 17. Nf3 Qf6 18. Qe4 c6 19. Rd4 Rxd4 20. Nxd4 Rd8 21. Nf3 e6 22. Ne5 Nd7 23. Ng4 Qb2 24. Rd1 Qxa2 25. Nf6+ Nxf6 26.
Rxd8+ Kg7 27. Qf3 Qa1+ 28. Kh2 Qe5+ 29. g3 Ne4 30. Rd7 Nf6 31. Rxb7 a5 32. Ra7 h5 33.
Qxc6 Qe2 34. Qg2 Qc2 35. f4 Qxb3 36. c5 Qc4 37. c6 Nd5 0-1

[Event "Betsys MČR v online bleskovém šachu 2021"]
[Site "Chess.com"]
[Date "2021.04.17"]
[Round "4"]
[White "mayerrs"]
[Black "AJedlicka"]
[Result "0-1"]
[WhiteElo "1895"]
[BlackElo "2199"]
[TimeControl "180+1"]
[EndTime "9:37:38 PDT"]
[Termination "Uživatel AJedlicka zvítězil po vzdání soupeře"]

1. g3 d5 2. Bg2 Nf6 3. e3 c6 4.
Ne2 g6 5. b3 Bg7 6. Bb2 O-O 7.
a3 a5 8. d4 Bf5 9. O-O Qd7 10.
Nd2 Bh3 11. Nf4 Bxg2 12. Nxg2 Na6 13. Rc1 Nc7 14. c4 a4 15. b4 dxc4 16. Nxc4 Ncd5 17.
Re1 b5 18. e4 bxc4 19. exd5 cxd5 20. Qe2 e6 21. h3 Ne4 22. Kh2 Rac8 23. f3 Nd6 24.
Bc3 Nf5 25. Rcd1 Qd6 26. f4 h5 27. Qf3 Qb6 28. Qf2 Nd6 29. Qf3 Ne4 30. Bb2 c3 31. Bc1 c2 32. Rd3 Bxd4 33. Re2 Bg7 34. Ne1 Rc4 35.
Be3 Qc6 36. Bc1 Rc8 37. g4 hxg4 38. hxg4 Qb6 39. f5 exf5 40. gxf5 Rc3 41. Ree3 Rxd3 42.
Rxd3 Qd6+ 43. Kg2 Qe5 44. fxg6 fxg6 45. Re3 Rf8 46. Qg4 Qf6 47. Rf3 Qd6 48. Rxf8+ Kxf8 49. Nf3 Kg8 50. Kf1 Qa6+ 51. Kg2 Qe2+ 52. Kh3 Nf2+ 53.
Kh4 Nxg4 54. Kxg4 Qg2+ 0-1

[Event "Betsys MČR v online bleskovém šachu 2021"]
[Site "Chess.com"]
[Date "2021.04.17"]
[Round "4"]
[White "dnovotny"]
[Black "MatejKopecky13"]
[Result "0-1"]
[WhiteElo "1759"]
[BlackElo "1517"]
[TimeControl "180+1"]
[EndTime "9:37:38 PDT"]
[Termination "Uživatel MatejKopecky13 zvítězil matem"]

1. e4 e6 2. d4 d5 3. Nc3 dxe4 4. Nxe4 Nd7 5. Nf3 Ngf6 6. Bg5 Be7 7. Bxf6 Nxf6 8.
Bd3 Nxe4 9. Bxe4 c6 10. O-O Bf6 11. Re1 O-O 12. c3 h6 13. Bc2 Bd7 14. Qd3 g6 15. Ne5 Bg7 16. Re3 Bxe5 17. dxe5 Bc8 18. Rg3 Qxd3 19.
Rxd3 b6 20. Rad1 Ba6 21. Rd7 c5 22. Be4 Rac8 23. Rxa7 Be2 24. Rdd7 Bb5 25. Rdb7 Rfd8 26. Bf3 Rd2 27. Rxf7 Rxb2 28. Rg7+ Kf8 29. Raf7+ Ke8 30. Re7+ Kf8 31. Ref7+ Ke8 32. Re7+ Kd8 33. h4 Rxa2 34.
Rxe6 Bd7 35. Rd6 Rc7 36. Rxb6 Ra1+ 37. Kh2 Ra8 38. Rb8+ Rxb8 39. Rg8+ Be8 40. h5 gxh5 41. Bxh5 Re7 42. Bg6 Kd7 43. e6+ Kxe6 44. Bxe8 Rbxe8 45.
Rg6+ Kf5 46. Rxh6 Re6 47. Rh5+ Kf4 48. Rxc5 Rh8+ 49. Kg1 Re1# 0-1

[Event "Betsys MČR v online bleskovém šachu 2021"]
[Site "Chess.com"]
[Date "2021.04.17"]
[Round "4"]
[White "EDA16"]
[Black "Michal5"]
[Result "1-0"]
[WhiteElo "1238"]
[BlackElo "1214"]
[TimeControl "180+1"]
[EndTime "9:37:39 PDT"]
[Termination "Uživatel EDA16 zvítězil po vzdání soupeře"]

1. d4 d5 2. c4 Nf6 3. Nc3 c6 4.
cxd5 cxd5 5. Bg5 e6 6. e3 Nc6 7.
Bd3 Bb4 8. Qc2 h6 9. Bxf6 Qxf6 10. Nf3 Bd7 11. O-O Qd8 12. a4 O-O 13. Rfe1 Rc8 14.
Re2 Na5 15. e4 dxe4 16. Bxe4 Bxc3 17. bxc3 Bc6 18. Bxc6 Nxc6 19. Ne5 Nxe5 20. dxe5 Qc7 21. Ra3 Rfd8 22. h3 Qa5 23. Rd2 Re8 24. Rd7 Qxe5 25. Qb1 Qc5 26. Rb3 Qe5 27. Rbxb7 Rf8 28. Rxa7 Qxc3 29.
a5 Qc1+ 30. Qxc1 Rxc1+ 31. Kh2 Rcc8 32. a6 Ra8 33. Rxa8 Rxa8 34. a7 Kf8 35. Rb7 Ke8 36.
Rb8+ Kd7 37. Rxa8 Kc7 38. Rf8 Kb7 39. Rxf7+ Ka8 40. Rxg7 h5 41. Rg6 e5 42. Rg5 e4 43.
Rxh5 e3 44. fxe3 Kb7 45. e4 Ka8 46. e5 Kb7 47. e6 Kc7 48. a8=Q Kd6 49. Qa4 Ke7 50. Rh6 Kd6 51. Qa6+ 1-0

[Event "Betsys MČR v online bleskovém šachu 2021"]
[Site "Chess.com"]
[Date "2021.04.17"]
[Round "4"]
[White "kubaches123"]
[Black "Naty139"]
[Result "1-0"]
[WhiteElo "2015"]
[BlackElo "2235"]
[TimeControl "180+1"]
[EndTime "9:37:40 PDT"]
[Termination "Uživatel kubaches123 zvítězil na čas"]

1. d4 d5 2. c4 c6 3. Nf3 Nf6 4. Nc3 a6 5. c5 Bg4 6. Ne5 Bf5 7. Bf4 Nbd7 8. e3 Ne4 9. Be2 Nxe5 10. Bxe5 f6 11.
Bg3 e5 12. O-O Nxg3 13. hxg3 Be7 14. b4 O-O 15. Bg4 Qd7 16. Bxf5 Qxf5 17. Qd2 Qg6 18. a4 exd4 19. exd4 f5 20. Ne2 Bg5 21. Nf4 Qh6 22. Rfe1 Rfe8 23. Rab1 Re4 24. f3 Bxf4 25. gxf4 Qxf4 26.
Qxf4 Rxf4 27. Re7 Rb8 28. Rd1 Kf8 29. Rc7 Rh4 30. Kf2 Rh6 31. Re1 Rf6 32. Ree7 Rg6 33.
g3 f4 34. g4 Kg8 35. Rxb7 Rxb7 36. Rxb7 h5 37. Rb6 hxg4 38. fxg4 Rxg4 39. Rxc6 f3 40. Kxf3 Rxd4 41. b5 Rxa4 42. b6 d4 43. Rc8+ Kh7 44.
b7 Rb4 45. b8=Q Rxb8 46. Rxb8 d3 47. Rd8 d2 48. Rxd2 1-0

[Event "Betsys MČR v online bleskovém šachu 2021"]
[Site "Chess.com"]
[Date "2021.04.17"]
[Round "4"]
[White "TomSedmihradsky"]
[Black "Petr_Zacek"]
[Result "1-0"]
[WhiteElo "1475"]
[BlackElo "1765"]
[TimeControl "180+1"]
[EndTime "9:37:41 PDT"]
[Termination "Uživatel TomSedmihradsky zvítězil na čas"]

1. d4 d5 2. c4 e6 3. Nc3 Nf6 4. Bg5 Nbd7 5. Nf3 c6 6. e3 Qa5 7. c5 Ne4 8. Qc2 Nxg5 9. Nxg5 g6 10. Bd3 Bg7 11. a3 O-O 12. b4 Qd8 13. Nf3 e5 14.
O-O-O e4 15. Bxe4 dxe4 16. Nxe4 Nf6 17. Nd6 a5 18. Kb1 axb4 19. axb4 Ne8 20. Nxc8 Qxc8 21. h4 h5 22. Rhg1 Qe6 23. Ng5 Qf5 24. e4 Qf4 25. g3 Qc7 26. f4 Nf6 27. Qe2 Ra7 28. f5 Rfa8 29. Qc4 Ra1+ 30. Kb2 Rxd1 31. Rxd1 Nh7 32. fxg6 Nxg5 33. hxg5 Rf8 34. gxf7+ Rxf7 35.
g6 Kf8 36. gxf7 Qxg3 37. Qc2 Qf3 38. e5 Qd5 39. Rf1 h4 40. Qh7 1-0

[Event "Betsys MČR v online bleskovém šachu 2021"]
[Site "Chess.com"]
[Date "2021.04.17"]
[Round "4"]
[White "Hollow_Head"]
[Black "Cenisuh"]
[Result "1-0"]
[WhiteElo "1075"]
[BlackElo "1601"]
[TimeControl "180+1"]
[EndTime "9:37:42 PDT"]
[Termination "Uživatel Hollow_Head zvítězil na čas"]

1. e4 c5 2. Nf3 Nc6 3. Nc3 d6 4. h3 g6 5. Be2 Bg7 6. O-O e6 7. d3 Nge7 8. Bg5 O-O 9. Bxe7 Qxe7 10. d4 b6 11. dxc5 dxc5 12. Bb5 Rd8 13. Nd2 Nd4 14. Bd3 a6 15. Na4 Qc7 16. c3 Nc6 17. Nc4 Rb8 18. Ncxb6 Rxb6 19. Nxb6 Qxb6 20. Rb1 Ne5 21. b4 Rxd3 22.
Qc1 c4 23. a4 Bb7 24. b5 Bxe4 25. bxa6 Qxa6 26. Rb8+ Bf8 27. Qh6 Qd6 28. a5 Nd7 29. Rd8 Qe7 30. Rc8 Rxc3 31. a6 Ra3 32. Ra8 Qf6 33.
Rc8 Qg7 34. Qd2 Nb6 35. Rd8 Rxa6 36. Re1 Bd5 37. Qb4 Ra8 38. Qxb6 Rxd8 39. Qxd8 Qc3 40. Rf1 Qd3 41. f3 Qe3+ 42. Kh1 c3 43. Qc8 Qd2 44.
Rg1 Kg7 45. Qc7 c2 46. Rf1 1-0

[Event "Betsys MČR v online bleskovém šachu 2021"]
[Site "Chess.com"]
[Date "2021.04.17"]
[Round "4"]
[White "Krejcak"]
[Black "sodikus"]
[Result "0-1"]
[WhiteElo "2000"]
[BlackElo "2319"]
[TimeControl "180+1"]
[EndTime "9:37:44 PDT"]
[Termination "Uživatel sodikus zvítězil po vzdání soupeře"]

1. e4 e5 2. Nf3 Nc6 3. Bc4 Nf6 4. d3 Bc5 5. c3 a6 6. Bg5 h6 7. Bh4 d6 8. Nbd2 Ba7 9. Qe2 Qe7 10. O-O-O Be6 11.
Kb1 O-O-O 12. Bd5 Bxd5 13. exd5 Nb8 14. Ne4 Nbd7 15. c4 g5 16. Bg3 Nh7 17. Nc3 f5 18. h4 g4 19. Nd2 Nhf6 20. f4 gxf3 21. Nxf3 Rhg8 22. Be1 e4 23. dxe4 Nxe4 24. Nxe4 Qxe4+ 25. Qxe4 fxe4 26. Nd2 e3 27. Ne4 Rxg2 28. Bc3 Re8 29. Nf6 Nxf6 30. Bxf6 e2 31. Rde1 Bf2 32. Bc3 Bxe1 33.
Rxe1 h5 34. Kc2 Rf8 35. Kd2 Rf4 36. Rxe2 Rxe2+ 37. Kxe2 Rxh4 38. b3 Rh2+ 39. Kd3 Rxa2 40.
Bf6 Rh2 41. b4 b6 42. c5 bxc5 43. bxc5 h4 44. cxd6 cxd6 45. Ke3 Rh1 46. Kf3 h3 47. Bg5 Kd7 48. Bf4 a5 49. Bd2 a4 0-1

[Event "Betsys MČR v online bleskovém šachu 2021"]
[Site "Chess.com"]
[Date "2021.04.17"]
[Round "4"]
[White "marfuss"]
[Black "ReitteN"]
[Result "1/2-1/2"]
[WhiteElo "2068"]
[BlackElo "1775"]
[TimeControl "180+1"]
[EndTime "9:37:44 PDT"]
[Termination "Remíza opakováním pozice"]

1. d4 c6 2. Bf4 d5 3. e3 Bf5 4. Nf3 e6 5. Bd3 Bxd3 6. Qxd3 Nf6 7. c4 Be7 8. Nc3 h6 9. Rc1 a6 10. Na4 Qa5+ 11. Nc3 Ne4 12. a3 Nxc3 13. Qxc3 Qxc3+ 14. Rxc3 Nd7 15. Ke2 O-O 16. Rhc1 Rac8 17. cxd5 exd5 18. Ne5 Nxe5 19. Bxe5 Rfd8 20. Rb3 Rd7 21. Rcc3 f6 22. Bg3 Kf7 23. f3 Ke6 24. Rd3 Bd6 25. Bxd6 Kxd6 26.
Rb6 Re8 27. Rdb3 Ree7 28. Kd3 f5 29. h3 Rc7 30. g4 fxg4 31. hxg4 Rf7 32. Ke2 Rce7 33.
Kf2 g6 34. Rd3 Kc7 35. Rbb3 b5 36. Rbc3 Kd6 37. Rc5 Rf6 38. Rdc3 Rc7 39. Ke2 Kd7 40. a4 Rc8 41. e4 Re8 42. e5 Rf4 43. Rxc6 Rxd4 44.
axb5 axb5 45. Rc7+ Ke6 46. R3c6+ Kxe5 47. Rxg6 Kf4+ 48.
Kf2 Rd2+ 49. Kf1 Rd1+ 50. Kf2 Rd2+ 51. Kf1 Rd1+ 52. Kf2 Rd2+ 1/2-1/2

[Event "Betsys MČR v online bleskovém šachu 2021"]
[Site "Chess.com"]
[Date "2021.04.17"]
[Round "4"]
[White "tudlenudle"]
[Black "HonzaVykouk"]
[Result "1/2-1/2"]
[WhiteElo "1929"]
[BlackElo "2686"]
[TimeControl "180+1"]
[EndTime "9:37:45 PDT"]
[Termination "Remíza opakováním pozice"]

1. e4 c5 2. Nf3 d6 3. d4 cxd4 4. Nxd4 Nf6 5. Nc3 a6 6. a3 e6 7.
g3 b5 8. Bg2 Bb7 9. O-O Qc7 10.
g4 Nc6 11. g5 Nd7 12. Nb3 Be7 13. f4 O-O 14. Rf3 Rfe8 15. Rh3 g6 16. Qg4 Rad8 17. Qh4 h5 18. Bf3 Kg7 19. f5 Nce5 20. f6+ Nxf6 21. gxf6+ Bxf6 22. Qf2 d5 23. Bf4 dxe4 24.
Bxe4 Qe7 25. Rf1 Ng4 26. Qf3 Bxc3 27. bxc3 Bxe4 28. Qxe4 e5 29. Be3 f5 30. Qf3 f4 31.
Bc5 Qg5 32. Kh1 Qf5 33. Rh4 Qxc2 34. Nc1 Qf5 35. Ne2 e4 36. Qxf4 Qxc5 37. Qf7+ Kh6 38. Nf4 Qf5 39. Rxh5+ Qxh5 40. Nxh5 gxh5 41. Qf4+ Kg6 42.
Qf5+ Kh6 43. Qf4+ Kg6 44. Qf5+ Kh6 45. Qf4+ 1/2-1/2

[Event "Betsys MČR v online bleskovém šachu 2021"]
[Site "Chess.com"]
[Date "2021.04.17"]
[Round "4"]
[White "Federer302"]
[Black "KarelZalesky"]
[Result "0-1"]
[WhiteElo "1588"]
[BlackElo "1602"]
[TimeControl "180+1"]
[EndTime "9:37:46 PDT"]
[Termination "Uživatel KarelZalesky zvítězil na čas"]

1. d4 d5 2. c4 e6 3. Nc3 Nf6 4. cxd5 exd5 5. Bg5 c6 6. Nf3 h6 7. Bh4 Bf5 8. e3 Nbd7 9. Bd3 Bxd3 10. Qxd3 Be7 11. h3 Nh7 12. Bg3 Ng5 13. Nxg5 hxg5 14. O-O-O g6 15. e4 dxe4 16. Nxe4 Nb6 17. Rhe1 Kf8 18.
Be5 Rh5 19. Re3 Nd5 20. Rf3 Qa5 21. Kb1 Nb4 22. Qb3 Nd5 23. Qxb7 Rd8 24. Bd6 Re8 25. g4 Qb6 26. Qxb6 axb6 27. Bxe7+ Rxe7 28. gxh5 gxh5 29. Nxg5 Kg7 30. h4 f6 31. Nh3 Re4 32. Rg1+ Kf7 33. Rfg3 Re2 34. Rg7+ Ke6 35. Nf4+ Nxf4 36. Rh7 Rxf2 37.
Rgg7 Nd3 38. Re7+ Kd5 39. Rxh5+ Kc4 40. b3+ Kc3 41. a4 Rf1+ 42. Ka2 Rf2+ 43. Ka3 Nc1 0-1

[Event "Betsys MČR v online bleskovém šachu 2021"]
[Site "Chess.com"]
[Date "2021.04.17"]
[Round "4"]
[White "MBorkovec"]
[Black "SayQueen"]
[Result "1-0"]
[WhiteElo "2286"]
[BlackElo "1993"]
[TimeControl "180+1"]
[EndTime "9:37:48 PDT"]
[Termination "Uživatel MBorkovec zvítězil na čas"]

1. e4 e5 2. Nf3 Nc6 3. d4 exd4 4. Bc4 Nf6 5. e5 d5 6. Bb5 Ne4 7. Nxd4 Bc5 8. Be3 O-O 9. Nxc6 bxc6 10. Bxc5 Nxc5 11.
Bxc6 Ba6 12. Nc3 Rb8 13. Qxd5 Qe7 14. O-O-O Rfd8 15. Qf3 Bc4 16. Bd5 Bxd5 17. Rxd5 c6 18. Rxd8+ Rxd8 19. Qxc6 Qxe5 20. Rd1 Rxd1+ 21. Nxd1 h6 22.
Ne3 Ne4 23. Qc8+ Kh7 24. Qf5+ Qxf5 25. Nxf5 Nxf2 26. c4 Kg6 27. Nd6 Kf6 28. Kd2 Ke6 29. Nb5 a6 30. Nc7+ Ke5 31. Nxa6 Kd4 32. b3 Ne4+ 33.
Kc2 Nc3 34. Nb4 Ne2 35. a4 Nf4 36. g3 Ne6 37. Nc6+ Kc5 38. Ne5 f6 39. Nd3+ Kd4 40.
a5 Nc7 41. Nf4 f5 42. Kd2 g5 43. Ne2+ Kc5 44. Kc3 Ne6 45. b4+ Kd6 46. Nd4 f4 47. Nxe6 f3 48. Nc5 1-0

[Event "Betsys MČR v online bleskovém šachu 2021"]
[Site "Chess.com"]
[Date "2021.04.17"]
[Round "4"]
[White "avsokol"]
[Black "TheFr0zenSun"]
[Result "1/2-1/2"]
[WhiteElo "2390"]
[BlackElo "2246"]
[TimeControl "180+1"]
[EndTime "9:37:50 PDT"]
[Termination "Remíza dohodou"]

1. e4 e5 2. f4 exf4 3. Nf3 Ne7 4. d4 d5 5. Nc3 dxe4 6. Nxe4 Ng6 7. h4 Be7 8. h5 Nh4 9. Bxf4 h6 10. Nxh4 Bxh4+ 11. g3 Be7 12. Qd2 Bg4 13. Bg2 c6 14.
Nf2 Be6 15. a3 Nd7 16. Bf3 Nb6 17. b3 Nd5 18. Nd3 Bf6 19. Be5 Bxe5 20. Nxe5 Qb6 21.
O-O-O O-O-O 22. Kb2 f6 23. Nc4 Qc7 24. Rhe1 Rhe8 25. Qf2 Nb6 26. Ne3 Kb8 27. Rd2 Qf7 28. Ng2 Bd5 29. Nf4 Rxe1 30. Bxd5 Nxd5 31. Qxe1 Nxf4 32.
gxf4 Qxh5 33. Qe7 Re8 34. Qxg7 f5 35. Qd7 Qg6 36. Rg2 Qe6 37. Qxe6 Rxe6 38. Rg8+ Kc7 39. Rf8 Re4 40. Rxf5 Rxd4 41. Kc3 Rd6 42. Rf7+ Kb6 43.
Rh7 Rf6 44. Kd3 Rxf4 45. Rxh6 Rf5 46. Kc4 a5 47. Kc3 Rc5+ 48. Kb2 Rb5 49. Rh4 Re5 50. Kc3 Rc5+ 1/2-1/2

[Event "Betsys MČR v online bleskovém šachu 2021"]
[Site "Chess.com"]
[Date "2021.04.17"]
[Round "4"]
[White "phil3"]
[Black "Filipdol"]
[Result "0-1"]
[WhiteElo "2146"]
[BlackElo "1880"]
[TimeControl "180+1"]
[EndTime "9:37:50 PDT"]
[Termination "Uživatel Filipdol zvítězil po vzdání soupeře"]

1. e4 c5 2. Nf3 a6 3. c3 d5 4. exd5 Qxd5 5. d4 Nf6 6. dxc5 Qxd1+ 7. Kxd1 Bg4 8. Be3 e6 9. Nd2 Nd5 10. Bd4 Nc6 11. h3 Bh5 12. Bc4 O-O-O 13. Kc1 f6 14. Ne4 e5 15. Be3 Bg6 16. Nd6+ Bxd6 17. cxd6 Nxe3 18. fxe3 Rxd6 19. Rd1 Rxd1+ 20. Kxd1 Rd8+ 21. Ke2 Kc7 22. Rd1 Rxd1 23. Kxd1 Ne7 24. Kd2 Kd6 25.
Bb3 Be4 26. a3 Bc6 27. Ke2 Nd5 28. Kf2 h6 29. Ke2 Ne7 30. Bc2 f5 31. b4 b5 32.
Bb3 Bd5 33. Bc2 Bc4+ 34. Kd2 g6 35. Ne1 Kd5 36. Nd3 Bxd3 37. Bxd3 e4 38. Be2 Nc6 39.
Kc2 Ne5 40. Kb2 Nc4+ 41. Bxc4+ Kxc4 42. Kc2 g5 43. g3 h5 44. Kd2 Kb3 45. h4 gxh4 46.
gxh4 Kxa3 47. Kc2 Ka2 48. Kd2 Kb3 49. Ke2 Kc4 50. Kd2 Kb3 51. Ke2 Kxc3 52. Kf2 Kxb4 53.
Kg3 Kc3 54. Kf4 b4 55. Kxf5 b3 56. Kxe4 b2 0-1

[Event "Betsys MČR v online bleskovém šachu 2021"]
[Site "Chess.com"]
[Date "2021.04.17"]
[Round "4"]
[White "HCMotorCB"]
[Black "VojtechPlat"]
[Result "1/2-1/2"]
[WhiteElo "2379"]
[BlackElo "2858"]
[TimeControl "180+1"]
[EndTime "9:37:53 PDT"]
[Termination "Remíza patem"]

1. c4 d6 2. g3 e5 3. Bg2 Nf6 4. e3 c6 5. Nc3 Nbd7 6. Nge2 Be7 7. d3 a5 8. O-O O-O 9. Rb1 Nc5 10. a3 Bf5 11. e4 Bd7 12. b4 axb4 13. axb4 Ne6 14.
h3 Re8 15. Be3 Bf8 16. Ra1 Qc7 17. Qb3 h5 18. Qb2 g6 19. Rxa8 Rxa8 20. Ra1 Rxa1+ 21.
Qxa1 Nh7 22. Qa8 Kg7 23. f4 f6 24. Qa7 Be7 25. Bb6 Qc8 26. Kh2 f5 27. exf5 gxf5 28. b5 h4 29. g4 fxg4 30. hxg4 Nxf4 31. Nxf4 exf4 32. Bd4+ Bf6 33. Ne4 Be5 34. Nxd6 Qd8 35. Bxe5+ Kg8 36. Qxb7 f3 37. Bxf3 Qg5 38. Qb8+ Nf8 39.
Ne4 Qe3 40. Nf6+ Kf7 41. Nxd7 Nxd7 42. Qc7 Qxe5+ 43. Qxe5 Nxe5 44. Bxc6 Nxg4+ 45. Kh3 Nf2+ 46. Kxh4 Nxd3 47. b6 Nc5 48. b7 Na6 49. Kg4 Ke7 50.
Kf4 Kd6 51. Bd5 Kc7 52. Ke4 Nc5+ 53. Ke5 Nd3+ 54. Kd4 Nb4 55. c5 Na6 56. c6 Kb8 57. Kc4 Nc7 58. Kc5 Na6+ 59. Kd6 Nc7 60. Bc4 Ne8+ 61.
Kd7 Nc7 62. Kd8 Ka7 63. Kxc7 1/2-1/2

[Event "Betsys MČR v online bleskovém šachu 2021"]
[Site "Chess.com"]
[Date "2021.04.17"]
[Round "4"]
[White "5265"]
[Black "PetrVelicka"]
[Result "0-1"]
[WhiteElo "1627"]
[BlackElo "2387"]
[TimeControl "180+1"]
[EndTime "9:37:53 PDT"]
[Termination "Uživatel PetrVelicka zvítězil po vzdání soupeře"]

1. e4 Nf6 2. Nc3 e5 3. f4 d5 4. fxe5 Nxe4 5. Nf3 Nc6 6. Bb5 Bg4 7.
O-O Be7 8. h3 Bh5 9. d3 Nxc3 10.
bxc3 O-O 11. Qe1 Bxf3 12. Rxf3 d4 13. Bxc6 bxc6 14. Qg3 g6 15. c4 Qd7 16. Bg5 Bxg5 17. Qxg5 Rae8 18. Re1 Re6 19. Re4 Rfe8 20. Rff4 c5 21.
Rf6 Qe7 22. Qf4 Qd7 23. h4 R8e7 24. h5 Qe8 25. hxg6 hxg6 26. Qg3 Rxf6 27. exf6 Rxe4 28. dxe4 Qxe4 29. Qxc7 Qe3+ 30. Kh2 Qg5 31. Qc8+ Kh7 32.
Qh3+ Qh6 33. Kg3 Qxh3+ 34. gxh3 g5 35. Kf3 Kg6 36. Ke4 Kxf6 37. Kd5 Ke7 38. Kxc5 f5 39. Kxd4 f4 40. Ke4 Kd6 41. Kf3 Kc5 42. h4 gxh4 43.
Kxf4 Kxc4 44. Kg4 Kc3 45. Kxh4 Kxc2 46. Kg4 a5 47. a4 Kb3 48. Kf3 Kxa4 49. Ke2 Kb3 50.
Kd2 Kb2 51. Kd3 a4 52. Kc4 a3 53. Kb4 a2 0-1